 Dungeon Crawl Stone Soup version 0.26.0-45-g9c1d065592 (webtiles) character file.

Game seed: 13113357813135459095

58767 kaeus the Thaumaturge (level 14, -6/108 HPs)
             Began as a Gnoll Venom Mage on Jan 30, 2021.
             Was an Elder of Ashenzari.
             Killed from afar by an ice statue (31 damage)
             ... with a shard of ice
             ... in an ice cave.
             The game lasted 00:48:02 (31853 turns).

kaeus the Thaumaturge (Gnoll Venom Mage)           Turns: 31853, Time: 00:48:03

Health: -6/108     AC: 12    Str: 11    XL:     14   Next: 92%
Magic:  4/37       EV: 20    Int: 24    God:    Ashenzari [****..]
Gold:   2433       SH: 12    Dex: 17    Spells: 17/34 levels left

rFire    + + .     SeeInvis +   b - staff of poison
rCold    + + .     Faith    .   x - +1 kite shield
rNeg     . . .     Spirit   .   q - +2 robe {rC+ rF+}
rPois    +         Reflect  .   n - +2 helmet {SInv}
rElec    .         Harm     .   w - scarf {rC+ rF+}
rCorr    +         Rampage  .   g - +2 pair of gloves (curse)
Will     +....     Clarity  +   (no boots)
Stlth    +++++.....             m - amulet of the acrobat (curse)
HPRegen  0.28/turn              S - ring of the Octopus King {rCorr AC+1 EV+1 Str+1 Int+1 Dex+1} (curse)
MPRegen  0.25/turn              A - ring of magical power (curse)

@: no status effects
A: distributed training, fangs 1, strong nose
a: Renounce Religion, Curse Item, Scrying


You were in an ice cave.
You worshipped Ashenzari.
Ashenzari was greatly pleased with you.
You visited 4 branches of the dungeon, and saw 21 of its levels.
You also visited: Bailey, Ice Cave and Volcano.

You collected 3554 gold pieces.
You spent 1121 gold pieces at shops.

Inventory:

Hand Weapons
 a - the +6 long sword "Inicweeb" {elec, rPois rN+ Int+2}
   (You found it on level 7 of the Dungeon)

   Occasionally, upon striking a foe, it can discharge electrical energy and
   cause terrible harm.
   It affects your intelligence (+2).
   It protects you from poison.
   It protects you from negative energy.
 i - a +1 quick blade of flaming
Armour
 g - a cursed +2 pair of gloves (worn)
 n - a +2 helmet of see invisible (worn)
 q - a +2 robe of resistance (worn)
 w - a scarf of resistance (worn)
 x - a +1 kite shield (worn)
Magical Staves
 b - an uncursed staff of poison (weapon)
 L - an uncursed staff of cold
 O - an uncursed staff of air
 W - an uncursed staff of death
Jewellery
 m - a cursed amulet of the acrobat (around neck)
 u - an uncursed ring of willpower
 A - a cursed ring of magical power (right hand)
 S - a cursed ring of the Octopus King (left hand) {rCorr AC+1 EV+1 Str+1 Int+1 Dex+1}
   (You bought it in a shop on level 2 of the Orcish Mines)

   [ring of resist corrosion]

   It affects your AC (+1).
   It affects your evasion (+1).
   It affects your strength (+1).
   It affects your intelligence (+1).
   It affects your dexterity (+1).
   It provides partial protection from all sources of acid and corrosion.
   It has a curse placed upon it.
 V - an uncursed amulet of reflection
Wands
 v - a wand of disintegration (15)
 B - a wand of iceblast (22)
 C - a wand of acid (19)
 K - a wand of digging (6)
 R - a wand of enslavement (12)
 T - a wand of polymorph (11)
 X - a wand of paralysis (5)
Scrolls
 e - 10 scrolls of teleportation
 h - 7 scrolls of remove curse
 l - 4 scrolls of amnesia
 r - 3 scrolls of fog
 s - 2 scrolls of holy word
 z - a scroll of blinking
 D - 2 scrolls of magic mapping
 F - 4 scrolls of fear
 H - a scroll of identify
 I - 2 scrolls of immolation
 N - 4 scrolls of enchant armour
 Y - a scroll of brand weapon {unknown}
Potions
 c - a potion of invisibility {unknown}
 d - 3 potions of resistance {unknown}
 f - 7 potions of heal wounds
 j - 2 potions of flight
 k - 2 potions of berserk rage {unknown}
 o - 3 potions of haste
 p - 3 potions of attraction {unknown}
 t - 8 potions of curing
 E - 2 potions of lignification
 G - 2 potions of might {unknown}
 J - a potion of magic {unknown}
 P - 2 potions of cancellation
 Q - 3 potions of ambrosia {unknown}
Miscellaneous
 y - a lightning rod (4/4)
 M - a lightning rod (4/4)
 U - a phial of floods
 Z - a lightning rod (4/4)


   Skills:
 + Level 9.6 Fighting
 + Level 9.6 Short Blades
 + Level 9.6 Long Blades
 + Level 9.6 Axes
 + Level 9.6 Maces & Flails
 + Level 9.6 Polearms
 + Level 9.6 Staves
 + Level 9.6 Slings
 + Level 9.6 Bows
 + Level 9.6 Crossbows
 + Level 9.6 Throwing
 + Level 9.6 Armour
 + Level 10.6 Dodging
 + Level 10.4 Stealth
 + Level 9.6 Shields
 + Level 9.6 Unarmed Combat
 + Level 10.7 Spellcasting
 + Level 8.0(11.5) Conjurations
 + Level 8.0(11.5) Hexes
 + Level 8.0(11.5) Summonings
 + Level 8.0(11.5) Necromancy
 + Level 8.0(11.5) Translocations
 + Level 8.4(11.8) Transmutations
 + Level 8.0(11.5) Fire Magic
 + Level 8.0(11.5) Ice Magic
 + Level 8.0(11.5) Air Magic
 + Level 8.0(11.5) Earth Magic
 + Level 9.8(13.0) Poison Magic
 + Level 10.4 Invocations
 + Level 9.6(12.9) Evocations


You had 17 spell levels left.
You knew the following spells:

 Your Spells              Type           Power        Failure   Level
a - Sting                 Tmut/Pois      100%         1%          1
b - Olgreb's Toxic Radia  Pois           85%          1%          4
c - Ignite Poison         Fire/Tmut/Pois 82%          1%          3
d - Mephitic Cloud        Conj/Pois/Air  82%          1%          3
e - Apportation           Tloc           100%         1%          1
f - Bolt of Magma         Conj/Fire/Erth 31%          2%          5

Your spell library contained the following spells:

 Spells                   Type           Power        Failure   Level
 Animate Skeleton         Necr           100%         1%          1
 Beastly Appendage        Tmut           100%         1%          1
 Corona                   Hex            68%          1%          1
 Foxfire                  Conj/Fire      100%         1%          1
 Summon Small Mammal      Summ           100%         1%          1
 Poisonous Vapours        Pois/Air       100%         1%          2
 Slow                     Hex            62%          1%          2
 Wereblood                Tmut           63%          1%          2
 Confusing Touch          Hex            62%          1%          3
 Gell's Gravitas          Tloc           31%          1%          3
 Inner Flame              Hex/Fire       62%          1%          3
 Portal Projectile        Hex/Tloc       100%         1%          3
 Spider Form              Tmut/Pois      41%          1%          3
 Cause Fear               Hex            31%          1%          4
 Ice Form                 Ice/Tmut       62%          1%          4
 Leda's Liquefaction      Hex/Erth       31%          1%          4
 Petrify                  Tmut/Erth      62%          1%          4
 Blade Hands              Tmut           31%          1%          5
 Iskenderun's Battlesphe  Conj           62%          2%          5
 Metabolic Englaciation   Hex/Ice        31%          2%          5
 Yara's Violent Unravell  Hex/Tmut       31%          2%          5
 Iron Shot                Conj/Erth      31%          13%         6
 Dragon Form              Tmut           31%          54%         7
 Orb of Destruction       Conj           31%          58%         7
 Spellforged Servitor     Conj/Summ      31%          58%         7
 Dragon's Call            Summ           31%          100%        9


Dungeon Overview and Level Annotations

Branches:
Dungeon (13/15)            Temple (1/1) D:7            Lair (5/6) D:11
  Swamp (0/4) Lair:3       Spider (0/4) Lair:4        Slime (0/5) Lair:5
    Orc (2/2) D:10            Elf (0/3) Orc:2        Bailey (visited)
  IceCv (1/1)             Volcano (visited)
 Vaults: D:13-14

Altars:
Ashenzari
Cheibriados
Gozag
Makhleb
Sif Muna
Vehumet
Xom
The Shining One
Beogh

Shops:
D:6 =   Orc:2 ([*=

Portals:
Abyss: D:4

Annotations:
D:4 2 transporters, delverdan's ghost, amateur MiFi
D:13 Azrael
Lair:5 1 runed translucent door, lawman0's ghost, journeyman PaTm
Orc:1 2 transporters, Segg's ghost, adept GnSk IceCv 1 transporter, exclusion: ice statue


Innate Abilities, Weirdness & Mutations

Your experience applies equally to all skills.
You have very sharp teeth.
Your uncanny sense of smell can sniff out nearby items.


Message History

The ice statue is almost destroyed.
The ice statue gestures.
You hit the ice statue but do no damage.
You bite the ice statue.
The ice statue is almost destroyed.
The ice beast misses you. You block the ice beast's attack.
You hit the ice statue but do no damage.
The ice statue is almost destroyed.
The ice beast misses you.
You hit the ice statue but do no damage.
The ice statue is almost destroyed.
You hit the ice statue but do no damage.
The ice statue is almost destroyed.
The ice beast misses you.
You hit the ice statue but do no damage.
The ice statue is almost destroyed.
The ice beast closely misses you. You block the ice beast's attack.
The ice statue gestures at you. The shard of ice hits you!!
You partially resist.
You die...

###########
##...?©!...##
#...8.|.8...#
##....$.!....##
#○.....(Y@Y...#
#☼.......8Y...#
#○............#
##...........##
#...........#
#.....©.....#
##.........##
##...∩...##
##.....##


You could see an ice statue and 3 ice beasts.

Vanquished Creatures
  Rupert (Lair:3)
  2 orc warlords
  Erolcha (Orc:2)
  A boulder beetle (Lair:3)
  A hydra (Lair:4)
  A death knight (D:11)
  7 two-headed ogres
  A hell hog (Volcano)
  5 orc high priests
  Nergalle (D:12)
  6 orc knights
  2 manticores
  5 orc sorcerers
  2 oklob plants (Lair:2)
  2 ugly things (IceCv)
  A cyclops (D:13)
  A salamander (Volcano)
  8 elephants
  An ice statue (IceCv)
  Psyche (D:12)
  A torpor snail (Lair:4)
  11 cane toads
  A gargoyle (D:12)
  2 komodo dragons (Lair:4)
  2 ice devils (Lair:5)
  5 polar bears
  2 trolls (Orc:1)
  A harpy skeleton (D:13)
  4 blink frogs (Lair:2)
  2 shadows
  A spriggan (D:9)
  2 wyverns
  3 fire bats (Volcano)
  47 yaks
  A basilisk (Lair:4)
  4 vampire mosquitoes
  4 wargs
  3 swamp worms (Lair:3)
  A soldier ant (D:10)
  11 water moccasins
  A hornet zombie (D:7)
  49 orc warriors
  4 sky beasts
  8 ice beasts
  6 black bears
  2 phantoms
  An eye of draining (D:10)
  13 ogres
  6 wolves (Lair:1)
  11 centaurs
  A big kobold (D:9)
  11 bullfrogs
  A gnoll sergeant (D:11)
  A wyvern skeleton (D:8)
  4 scorpions
  A water moccasin skeleton (D:7)
  14 wights
  11 killer bees
  An electric eel (Lair:3)
  2 centaur zombies
  A bullfrog zombie (D:13)
  7 hounds
  A jelly (D:11)
  19 orc priests
  6 bullfrog skeletons
  3 centaur skeletons
  2 iguanas
  32 orc wizards
  8 worker ants
  A hound skeleton (D:8)
  2 hound zombies
  Robin (D:2)
  A worker ant zombie (D:10)
  12 gnolls
  A howler monkey skeleton (D:5)
  13 adders
  3 shadow imps
  3 ufetubi
  5 oozes
  An adder skeleton (D:4)
  5 dart slugs
  10 leopard geckos
  82 orcs
  7 giant cockroaches
  8 hobgoblins
  5 jackals
  6 quokkas
  A ball python (D:1)
  8 bats
  4 frilled lizards
  18 goblins
  19 kobolds
  5 rats
606 creatures vanquished.

Vanquished Creatures (others)
  A bullfrog (Lair:5)
  12 fungi
  13 plants
26 creatures vanquished.

Grand Total: 632 creatures vanquished

Notes
Turn   | Place    | Note
-------+----------+-------------------------------------------
     0 | D:1      | kaeus the Gnoll Venom Mage began the quest for the Orb.
     0 | D:1      | Reached XP level 1. HP: 13/13 MP: 6/6
   150 | D:1      | Reached XP level 2. HP: 19/19 MP: 4/7
   362 | D:1      | Reached XP level 3. HP: 25/25 MP: 2/9
   364 | D:1      | Reached skill level 5 in Spellcasting
   615 | D:1      | Reached skill level 1 in Invocations
  1293 | D:2      | Reached skill level 1 in Fighting
  1293 | D:2      | Reached skill level 1 in Short Blades
  1293 | D:2      | Reached skill level 1 in Long Blades
  1293 | D:2      | Reached skill level 1 in Axes
  1293 | D:2      | Reached skill level 1 in Maces & Flails
  1293 | D:2      | Reached skill level 1 in Polearms
  1293 | D:2      | Reached skill level 1 in Staves
  1293 | D:2      | Reached skill level 1 in Slings
  1293 | D:2      | Reached skill level 1 in Bows
  1293 | D:2      | Reached skill level 1 in Crossbows
  1293 | D:2      | Reached skill level 1 in Throwing
  1293 | D:2      | Reached skill level 1 in Armour
  1293 | D:2      | Reached skill level 1 in Shields
  1293 | D:2      | Reached skill level 1 in Unarmed Combat
  1293 | D:2      | Reached skill level 1 in Evocations
  1383 | D:2      | Reached XP level 4. HP: 31/32 MP: 7/11
  1558 | D:2      | Found a glowing golden altar of the Shining One.
  1692 | D:2      | Found a shimmering altar of Xom.
  1999 | D:2      | Reached skill level 1 in Conjurations
  1999 | D:2      | Reached skill level 1 in Hexes
  1999 | D:2      | Reached skill level 1 in Summonings
  1999 | D:2      | Reached skill level 1 in Necromancy
  1999 | D:2      | Reached skill level 1 in Translocations
  1999 | D:2      | Reached skill level 1 in Fire Magic
  1999 | D:2      | Reached skill level 1 in Ice Magic
  1999 | D:2      | Reached skill level 1 in Air Magic
  1999 | D:2      | Reached skill level 1 in Earth Magic
  2099 | D:2      | Noticed Robin
  2116 | D:2      | Learned a level 4 spell: Olgreb's Toxic Radiance
  2120 | D:2      | Learned a level 3 spell: Ignite Poison
  2124 | D:2      | Learned a level 3 spell: Mephitic Cloud
  2138 | D:2      | Killed Robin
  2549 | D:3      | Reached XP level 5. HP: 23/37 MP: 9/12
  2682 | D:3      | Noticed an ice beast
  2702 | D:3      | Killed an ice beast
  2966 | D:3      | Reached XP level 6. HP: 44/44 MP: 10/13
  3228 | D:3      | Reached skill level 5 in Dodging
  3900 | D:4      | Reached XP level 7. HP: 32/50 MP: 2/15
  4228 | D:4      | Noticed delverdan's ghost (amateur MiFi)
  4230 | D:4      | Found a one-way gate to the infinite horrors of the Abyss.
  4239 | D:4      | Found a transporter.
  4265 | D:4      | Found a transporter.
  5286 | D:5      | Entered Level 5 of the Dungeon
  5377 | D:5      | Reached skill level 5 in Stealth
  5920 | D:5      | Reached XP level 8. HP: 28/57 MP: 9/16
  6942 | D:6      | Found Erae's Jewellery Shop.
  6979 | D:6      | Bought an uncursed ring of magical power for 280 gold
                  | pieces
  7950 | D:7      | Reached XP level 9. HP: 63/65 MP: 4/18
  8913 | D:7      | Found a staircase to the Ecumenical Temple.
  9025 | Temple   | Entered the Ecumenical Temple
  9032 | Temple   | Became a worshipper of Ashenzari the Shackled
  9178 | D:7      | Got the long sword "Inicweeb" {elec, rPois rN+ Int+2}
  9179 | D:7      | Identified the +6 long sword "Inicweeb" {elec, rPois rN+
                  | Int+2} (You found it on level 7 of the Dungeon)
 10093 | D:9      | Reached skill level 5 in Invocations
 10101 | D:9      | Found a flagged portal.
 10132 | Bailey   | Entered a bailey
 10488 | Bailey   | Reached * piety under Ashenzari
 10489 | Bailey   | Found a burning altar of Makhleb.
 10723 | D:9      | Found a burning altar of Makhleb.
 10741 | D:9      | Reached XP level 10. HP: 73/73 MP: 20/20
 10825 | D:9      | Reached skill level 5 in Fighting
 10825 | D:9      | Reached skill level 5 in Short Blades
 10825 | D:9      | Reached skill level 5 in Long Blades
 10825 | D:9      | Reached skill level 5 in Axes
 10825 | D:9      | Reached skill level 5 in Maces & Flails
 10825 | D:9      | Reached skill level 5 in Polearms
 10825 | D:9      | Reached skill level 5 in Staves
 10825 | D:9      | Reached skill level 5 in Slings
 10825 | D:9      | Reached skill level 5 in Bows
 10825 | D:9      | Reached skill level 5 in Crossbows
 10825 | D:9      | Reached skill level 5 in Throwing
 10825 | D:9      | Reached skill level 5 in Armour
 10825 | D:9      | Reached skill level 5 in Shields
 10825 | D:9      | Reached skill level 5 in Unarmed Combat
 10825 | D:9      | Reached skill level 5 in Evocations
 11109 | D:9      | Reached skill level 5 in Transmutations
 11568 | D:9      | Learned a level 1 spell: Apportation
 11574 | D:9      | Learned a level 5 spell: Bolt of Magma
 11597 | D:10     | Entered Level 10 of the Dungeon
 11978 | D:10     | Reached XP level 11. HP: 43/81 MP: 21/22
 11999 | D:10     | Found a staircase to the Orcish Mines.
 12661 | D:10     | Reached skill level 5 in Conjurations
 12661 | D:10     | Reached skill level 5 in Hexes
 12661 | D:10     | Reached skill level 5 in Summonings
 12661 | D:10     | Reached skill level 5 in Necromancy
 12661 | D:10     | Reached skill level 5 in Translocations
 12661 | D:10     | Reached skill level 5 in Fire Magic
 12661 | D:10     | Reached skill level 5 in Ice Magic
 12661 | D:10     | Reached skill level 5 in Air Magic
 12661 | D:10     | Reached skill level 5 in Earth Magic
 13075 | Orc:1    | Entered Level 1 of the Orcish Mines
 13234 | Orc:1    | Noticed an orc sorcerer
 13239 | Orc:1    | Killed an orc sorcerer
 13328 | Orc:1    | Noticed an orc warlord
 13371 | Orc:1    | Killed an orc warlord
 13578 | Orc:1    | Noticed an orc knight
 13951 | Orc:1    | Killed an orc knight
 14117 | Orc:1    | Found a transporter.
 14126 | Orc:1    | Noticed a two-headed ogre
 14127 | Orc:1    | Noticed Segg's ghost (adept GnSk)
 14128 | Orc:1    | Noticed a two-headed ogre
 14128 | Orc:1    | Identified the +10 great mace "Ultimatum" {holy, rN+}
 14128 | Orc:1    | Noticed a two-headed ogre
 14129 | Orc:1    | Noticed a two-headed ogre
 14129 | Orc:1    | Noticed a two-headed ogre
 14299 | Orc:1    | Found a transporter.
 14657 | Orc:1    | Noticed an orc knight
 14665 | Orc:1    | Killed an orc knight
 14685 | Orc:1    | Found a roughly hewn altar of Beogh.
 14688 | Orc:1    | Noticed an orc high priest
 14692 | Orc:1    | Noticed an orc sorcerer
 14694 | Orc:1    | Reached XP level 12. HP: 60/89 MP: 1/24
 14698 | Orc:1    | Noticed a sun demon
 14730 | Orc:1    | Paralysed by an orc sorcerer for 5 turns
 15387 | Orc:1    | Killed an orc high priest
 15745 | Orc:2    | Entered Level 2 of the Orcish Mines
 16200 | Orc:2    | Noticed an orc warlord
 16257 | Orc:2    | Killed an orc warlord
 16525 | Orc:2    | Noticed an orc high priest
 16644 | Orc:2    | Killed an orc high priest
 16998 | Orc:2    | Noticed an orc high priest
 16998 | Orc:2    | Noticed an orc high priest
 17174 | Orc:2    | Killed an orc high priest
 17175 | Orc:2    | Killed an orc high priest
 17328 | Orc:2    | Noticed an orc high priest
 17569 | Orc:2    | Killed an orc high priest
 17570 | Orc:2    | Reached XP level 13. HP: 15/98 MP: 20/26
 17570 | Orc:2    | HP: 3/98 [orc warrior/boomerang (12)]
 18134 | Orc:2    | Noticed Erolcha
 18140 | Orc:2    | Killed Erolcha
 18219 | Orc:2    | Paralysed by an orc sorcerer for 3 turns
 18629 | Orc:2    | Found Soopt's General Store.
 18630 | Orc:2    | Found Tiyfir's Jewellery Emporium.
 18631 | Orc:2    | Found Lips's Antique Armour Emporium.
 18631 | Orc:2    | Found Ohyckiargh's Antique Weapon Shoppe.
 18657 | Orc:2    | Bought a ripped robe for 216 gold pieces
 18667 | Orc:2    | Identified the +1 robe of Loss {Dex+3} (You bought it in a
                  | shop on level 2 of the Orcish Mines)
 18689 | Orc:2    | Bought a ring of the Octopus King {rCorr AC+1 EV+1 Str+1
                  | Int+1 Dex+1} for 625 gold pieces
 18689 | Orc:2    | Found the ring of the Octopus King {rCorr AC+1 EV+1 Str+1
                  | Int+1 Dex+1}
 18945 | Orc:2    | Found a staircase to the Elven Halls.
 19929 | D:11     | Found a staircase to the Lair.
 20551 | D:11     | Reached ** piety under Ashenzari
 21141 | D:12     | Noticed Nergalle
 21164 | D:12     | Killed Nergalle
 21847 | D:12     | Noticed Psyche
 22105 | D:12     | Killed Psyche
 24448 | D:13     | Reached skill level 10 in Spellcasting
 24928 | D:13     | Noticed Azrael
 25027 | Lair:1   | Entered Level 1 of the Lair of Beasts
 25043 | Lair:1   | Found a dark tunnel.
 25052 | Volcano  | Entered a volcano
 25841 | Lair:1   | Reached XP level 14. HP: 106/106 MP: 28/28
 26132 | Lair:1   | Reached *** piety under Ashenzari
 26246 | Lair:1   | Reached skill level 10 in Dodging
 27084 | Lair:2   | Reached skill level 10 in Stealth
 28613 | Lair:3   | Reached skill level 10 in Invocations
 28823 | Lair:3   | Noticed Rupert
 28837 | Lair:3   | Killed Rupert
 29206 | Lair:3   | Reached **** piety under Ashenzari
 29609 | Lair:3   | Found a staircase to the Swamp.
 30332 | Lair:4   | Found a hole to the Spider Nest.
 31485 | Lair:5   | Found a runed translucent door.
 31485 | Lair:5   | Noticed lawman0's ghost (journeyman PaTm)
 31485 | Lair:5   | Noticed a dire elephant
 31507 | Lair:5   | Found a frozen archway.
 31524 | IceCv    | Entered an ice cave
 31663 | IceCv    | Found a transporter.
 31791 | IceCv    | Found a transporter.
 31853 | IceCv    | Killed from afar by an ice statue

Illustrated notes

Levels and vault maps discovered:
D:1:      dpeg_arrival_windows_large_door, layout_loops_cross,
          chequers_serial_rivers_small_3, kennysheep_another_room
D:2:      layout_basic, nicolae_overflow_crystal_walls, lemuel_tele_altar,
          uniq_robin
D:3:      layout_basic
D:4:      layout_cave_pods, gammafunk_ghost_abyssal_escape
D:5:      layout_cave_pools, grunt_tough_drop
D:6:      layout_loops_cross, serial_shops, shop
D:7:      layout_loops_ring, minmay_temple_entry_offerings, minmay_bent
D:8:      layout_loops_ring
D:9:      layout_loops_cross, basic_altar, enter_bailey_5, the_bakery
D:10:     layout_irregular_city, minmay_orc_entry_guard_dogs,
          kennysheep_small_square
D:11:     layout_long_grid, david_lair_generic
D:12:     layout_basic, uniq_psyche, uniq_nergalle
D:13:     layout_stronghold, erik_vaults_2, grunt_ministairs_7, uniq_azrael
Temple:   nicolae_temple_the_god_donut
Lair:1:   layout_regular_city, enter_volcano_2
Lair:2:   layout_regular_city, lemuel_fruit_fields, minmay_lair_oklob_chamber,
          lemuel_fruit_fields, grunt_megastairs_5, serial_bayou_shore_b,
          serial_bayou_shore_b
Lair:3:   layout_regular_city, nicolae_swamp_entry_splash_gauntlet, uniq_rupert
Lair:4:   layout_roguey, spider_nest_entry_web_field, st_stairs_11,
          beast_lair_carwin_10
Lair:5:   layout_layer_cave, nicolae_slime_entry_slimehenge,
          ebering_ghost_inner_flame, gauntlet_entry_generic,
          portal_ice_cave_demonic_guard, grunt_megastairs_2, uniq_nessos
Orc:1:    orc_temple, layout_caves, gammafunk_ghost_smash
Orc:2:    st_orc_congregation, layout_caves, uniq_erolcha
IceCv:    ice_cave_statue_garden_transporter

Skill      XL: |  1  2  3  4  5  6  7  8  9 10 11 12 13 14 |
---------------+-------------------------------------------+-----
Transmutations | 2 3 4 5 6 7 8 |  8.4
Spellcasting   | 5 6 7 8 9 10 | 10.7
Invocations    | 1 2 3 4 5 6 7 8 9 10 | 10.4
Fighting       | 1 2 3 4 5 6 7 8 9 |  9.6
Short Blades   | 1 2 3 4 5 6 7 8 9 |  9.6
Long Blades    | 1 2 3 4 5 6 7 8 9 |  9.6
Axes           | 1 2 3 4 5 6 7 8 9 |  9.6
Maces & Flails | 1 2 3 4 5 6 7 8 9 |  9.6
Polearms       | 1 2 3 4 5 6 7 8 9 |  9.6
Staves         | 1 2 3 4 5 6 7 8 9 |  9.6
Slings         | 1 2 3 4 5 6 7 8 9 |  9.6
Bows           | 1 2 3 4 5 6 7 8 9 |  9.6
Crossbows      | 1 2 3 4 5 6 7 8 9 |  9.6
Throwing       | 1 2 3 4 5 6 7 8 9 |  9.6
Armour         | 1 2 3 4 5 6 7 8 9 |  9.6
Shields        | 1 2 3 4 5 6 7 8 9 |  9.6
Unarmed Combat | 1 2 3 4 5 6 7 8 9 |  9.6
Evocations     | 1 2 3 4 5 6 7 8 9 |  9.6
Conjurations   | 1 2 3 4 5 6 7 8 |  8.0
Hexes          | 1 2 3 4 5 6 7 8 |  8.0
Summonings     | 1 2 3 4 5 6 7 8 |  8.0
Necromancy     | 1 2 3 4 5 6 7 8 |  8.0
Translocations | 1 2 3 4 5 6 7 8 |  8.0
Fire Magic     | 1 2 3 4 5 6 7 8 |  8.0
Ice Magic      | 1 2 3 4 5 6 7 8 |  8.0
Air Magic      | 1 2 3 4 5 6 7 8 |  8.0
Earth Magic    | 1 2 3 4 5 6 7 8 |  8.0
Dodging        | 5 6 7 8 9 10 | 10.6
Stealth        | 5 6 7 8 9 10 | 10.4
Poison Magic   | 6 7 8 9 |  9.8

Action                   |  1- 3 |  4- 6 |  7- 9 | 10-12 | 13-15 || total
-------------------------+-------+-------+-------+-------+-------++-------
Melee: Unarmed           |     5 |       |       |       |       ||     5
       Bite              |     5 |     9 |    23 |    17 |   106 ||   160
       Whip              |    26 |    94 |   159 |       |       ||   279
       Punch             |       |     1 |    11 |     5 |    14 ||    31
       Flail             |       |       |    81 |       |       ||    81
       Long sword        |       |       |    28 |   119 |    53 ||   200
       Staff             |       |       |       |       |   614 ||   614
 Cast: Sting             |    44 |    53 |   142 |   126 |   115 ||   480
       Olgreb's Toxic Ra |       |     4 |    29 |   103 |    91 ||   227
       Ignite Poison     |       |     3 |    10 |    34 |    39 ||    86
       Mephitic Cloud    |       |     2 |     2 |     2 |    13 ||    19
       Bolt of Magma     |       |       |       |       |    34 ||    34
Invok: Curse Item        |       |       |     4 |       |     1 ||     5
  Use: Potion            |       |     2 |     1 |       |     1 ||     4
       Scroll            |       |       |     8 |       |    23 ||    31
 Stab: Sleeping          |       |       |     1 |       |       ||     1
       Confused          |       |       |       |     3 |       ||     3
Armor: Robe              |     4 |    36 |    70 |    27 |   105 ||   242
Dodge: Dodged            |    24 |    99 |   298 |   178 |   548 ||  1147
Block: Kite shield       |       |       |       |       |   265 ||   265
       Rpst.: Long sword |       |       |    11 |    41 |     8 ||    60
